[ AOE2 MATCH · #505112753 ]
UnrankedItalians vs Khmer
Player's team · LOSS
Rival team · WIN
[ REPLAY ANALYSIS · EXTRACTED FROM THE RECORDED GAME ]
Feudal
10:02
Castle
14:28
Imperial
—
| APM avg | 47.9 |
| APM peak | 78 |
| eAPM avg | 22.3 |
| Villagers / military | 22 / 0 |
Focus
⚔️ 46.7% · 🌾 53.3%
Feudal
8:52
Castle
—
Imperial
—
| APM avg | 73.7 |
| APM peak | 111 |
| eAPM avg | 29.5 |
| Villagers / military | 38 / 8 |
Focus
⚔️ 52.4% · 🌾 47.6%
Scout Cavalry ×8
Match map
Initial resources + every placement click. Lines = walls · curves = elevation contours. ◆ gold · ⬟ stone · ● berries · ✦ relic · ◌ wall gap
Your base· Open — 4t gap
GreatMaty's base· Open — unwalled flank
Smoothed initial terrain · ◌ = detected wall gap · hover for details
Inputs per minute
— WyoDan2 - - GreatMaty
Build order — WyoDan2
61 actions detected in the replay
| 0:00 | Queue | Villager (Male) |
| 0:00 | Queue | Villager (Male) |
| 0:02 | Build | House |
| 0:03 | Build | House |
| 0:07 | Queue | Villager (Male) |
| 0:16 | Queue | Villager (Male) |
| 1:39 | Queue | Villager (Male) |
| 1:52 | Build | Lumber Camp |
| 1:55 | Build | Lumber Camp |
| 2:07 | Queue | Villager (Male) |
| 2:21 | Queue | Villager (Male) |
| 2:44 | Build | House |
| 3:01 | Queue | Villager (Male) |
| 3:01 | Queue | Villager (Male) |
| 3:37 | Build | House |
| 3:39 | Build | Palisade Wall |
| 3:44 | Queue | Villager (Male) |
| 3:57 | Queue | Villager (Male) |
| 4:17 | Queue | Villager (Male) |
| 4:18 | Queue | Villager (Male) |
| 4:27 | Build | Mill |
| 4:44 | Queue | Villager (Male) |
| 5:05 | Build | Palisade Wall |
| 5:07 | Build | Palisade Wall |
| 5:23 | Queue | Villager (Male) |
| 5:50 | Queue | Villager (Male) ×2 |
| 6:03 | Build | Mining Camp |
| 6:09 | Queue | Villager (Male) |
| 6:20 | Queue | Villager (Male) |
| 7:52 | Research | Feudal Age |
| 8:29 | Build | Palisade Wall |
| 8:31 | Build | Palisade Wall |
| 8:32 | Build | Palisade Wall |
| 8:36 | Build | Palisade Wall |
| 8:37 | Build | Palisade Wall |
| 8:39 | Build | Palisade Wall |
| 8:40 | Build | Palisade Wall |
| 8:45 | Build | Palisade Wall |
| 8:47 | Build | Palisade Wall |
| 8:50 | Queue | Villager (Male) |
| 8:51 | Research | Loom |
| 10:02 | Age | Feudal Age |
| 10:13 | Build | Market |
| 10:16 | Build | Blacksmith |
| 11:48 | Research | Castle Age |
| 14:04 | Build | Palisade Wall |
| 14:11 | Build | Palisade Wall |
| 14:12 | Build | Palisade Wall |
| 14:14 | Build | Palisade Wall |
| 14:16 | Build | Palisade Wall |
| 14:17 | Build | Palisade Wall |
| 14:18 | Build | Palisade Wall |
| 14:20 | Build | Palisade Wall |
| 14:25 | Build | Palisade Wall |
| 14:26 | Build | Palisade Wall |
| 14:27 | Build | Palisade Wall |
| 14:28 | Age | Castle Age |
| 14:29 | Build | Palisade Wall |
| 14:36 | Build | Castle |
| 14:51 | Queue | Villager (Male) |
| 14:51 | Queue | Villager (Male) |
Build order — GreatMaty
90 actions detected in the replay
| 0:01 | Queue | Villager (Male) |
| 0:01 | Queue | Villager (Male) |
| 0:02 | Build | House |
| 0:03 | Build | House |
| 0:10 | Queue | Villager (Male) |
| 0:10 | Queue | Villager (Male) |
| 0:10 | Queue | Villager (Male) |
| 1:22 | Queue | Villager (Male) |
| 1:22 | Queue | Villager (Male) |
| 1:50 | Queue | Villager (Male) |
| 2:21 | Queue | Villager (Male) |
| 2:22 | Queue | Villager (Male) |
| 2:27 | Build | Lumber Camp |
| 2:39 | Queue | Villager (Male) |
| 2:40 | Queue | Villager (Male) |
| 2:58 | Queue | Villager (Male) |
| 2:58 | Queue | Villager (Male) |
| 3:14 | Queue | Villager (Male) |
| 3:14 | Queue | Villager (Male) |
| 4:01 | Build | House |
| 4:04 | Queue | Villager (Male) |
| 4:04 | Queue | Villager (Male) |
| 4:04 | Queue | Villager (Male) |
| 4:17 | Build | House |
| 4:29 | Queue | Villager (Male) |
| 5:05 | Build | Mill |
| 5:11 | Build | Mill |
| 5:15 | Queue | Villager (Male) |
| 5:15 | Queue | Villager (Male) |
| 5:16 | Queue | Villager (Male) |
| 5:41 | Research | Loom |
| 6:42 | Research | Feudal Age |
| 6:42 | Research | Feudal Age |
| 7:04 | Build | Lumber Camp |
| 7:45 | Build | House |
| 7:47 | Build | Palisade Wall |
| 8:10 | Queue | Villager (Male) |
| 8:52 | Age | Feudal Age |
| 8:54 | Build | Stable |
| 8:56 | Research | Double-Bit Axe |
| 9:01 | Queue | Villager (Male) |
| 9:06 | Build | House |
| 9:07 | Build | Palisade Wall |
| 9:20 | Queue | Villager (Male) |
| 9:24 | Build | Farm |
| 9:32 | Queue | Villager (Male) |
| 9:35 | Build | House |
| 9:36 | Build | Palisade Wall |
| 9:44 | Queue | Scout Cavalry |
| 9:47 | Queue | Scout Cavalry |
| 9:56 | Build | Farm |
| 9:59 | Build | Farm |
| 10:04 | Build | Palisade Wall |
| 10:19 | Queue | Villager (Male) |
| 10:26 | Build | House |
| 10:26 | Build | Palisade Wall |
| 10:29 | Build | Palisade Wall |
| 10:33 | Queue | Villager (Male) |
| 10:35 | Build | Farm |
| 10:41 | Queue | Scout Cavalry |
| 10:56 | Build | Farm |
| 10:56 | Queue | Villager (Male) |
| 11:09 | Queue | Villager (Male) |
| 11:13 | Build | Mining Camp |
| 11:39 | Build | Farm |
| 11:40 | Queue | Villager (Male) |
| 11:57 | Build | Farm |
| 12:14 | Build | Farm |
| 12:30 | Build | House |
| 12:32 | Build | Palisade Wall |
| 12:36 | Queue | Scout Cavalry |
| 12:37 | Queue | Villager (Male) |
| 12:49 | Queue | Scout Cavalry |
| 12:50 | Queue | Villager (Male) |
| 12:52 | Build | Farm |
| 12:53 | Build | Farm |
| 13:22 | Queue | Villager (Male) |
| 13:48 | Queue | Villager (Male) |
| 13:51 | Build | Farm |
| 13:55 | Queue | Scout Cavalry |
| 14:07 | Queue | Villager (Male) |
| 14:10 | Build | Farm |
| 14:10 | Build | Farm |
| 14:10 | Build | Farm |
| 14:10 | Build | Farm |
| 14:10 | Build | Farm |
| 14:11 | Build | Farm |
| 14:44 | Queue | Scout Cavalry |
| 14:45 | Queue | Scout Cavalry |
| 14:45 | Queue | Villager (Male) |
Match timeline
| 3:39 | WyoDan2 · wall_segment Palisade Wall x4 |
| 5:05 | WyoDan2 · wall_segment Palisade Wall x2 |
| 5:07 | WyoDan2 · wall_segment Palisade Wall x3 |
| 7:47 | GreatMaty · wall_segment Palisade Wall x4 |
| 8:29 | WyoDan2 · wall_segment Palisade Wall x1 |
| 8:31 | WyoDan2 · wall_segment Palisade Wall x1 |
| 8:32 | WyoDan2 · wall_segment Palisade Wall x1 |
| 8:36 | WyoDan2 · wall_segment Palisade Wall x1 |
| 8:37 | WyoDan2 · wall_segment Palisade Wall x1 |
| 8:39 | WyoDan2 · wall_segment Palisade Wall x1 |
| 8:40 | WyoDan2 · wall_segment Palisade Wall x1 |
| 8:45 | WyoDan2 · wall_segment Palisade Wall x1 |
| 8:47 | WyoDan2 · wall_segment Palisade Wall x1 |
| 8:52 | GreatMaty · age_up feudal |
| 8:54 | GreatMaty · first_building Stable |
| 9:07 | GreatMaty · wall_segment Palisade Wall x2 |
| 9:36 | GreatMaty · wall_segment Palisade Wall x3 |
| 10:02 | WyoDan2 · age_up feudal |
| 10:04 | GreatMaty · wall_segment Palisade Wall x1 |
| 10:26 | GreatMaty · wall_segment Palisade Wall x1 |
| 10:29 | GreatMaty · wall_segment Palisade Wall x7 |
| 11:02 | WyoDan2 · first_market_sell 100 wood |
| 11:40 | WyoDan2 · first_market_buy 100 food |
| 12:32 | GreatMaty · wall_segment Palisade Wall x15 |
| 14:04 | WyoDan2 · wall_segment Palisade Wall x4 |
| 14:11 | WyoDan2 · wall_segment Palisade Wall x1 |
| 14:12 | WyoDan2 · wall_segment Palisade Wall x1 |
| 14:14 | WyoDan2 · wall_segment Palisade Wall x1 |
| 14:16 | WyoDan2 · wall_segment Palisade Wall x1 |
| 14:17 | WyoDan2 · wall_segment Palisade Wall x1 |
| 14:18 | WyoDan2 · wall_segment Palisade Wall x1 |
| 14:20 | WyoDan2 · wall_segment Palisade Wall x2 |
| 14:25 | WyoDan2 · wall_segment Palisade Wall x1 |
| 14:26 | WyoDan2 · wall_segment Palisade Wall x1 |
| 14:27 | WyoDan2 · wall_segment Palisade Wall x1 |
| 14:28 | WyoDan2 · age_up castle |
| 14:29 | WyoDan2 · wall_segment Palisade Wall x1 |
| 14:36 | WyoDan2 · first_building Castle |
| 15:05 | WyoDan2 · resign |
[ AI ANALYSIS · 1 CREDIT ]
What really happened in this match?
Wolo.gg analyzes every decision: build order, eco, micro, common mistakes by bracket. Personalized analysis on WhatsApp or Discord in 30 seconds.
Civ guide
Italians
Perfil
Jugador #2340259